 Dungeon Crawl Stone Soup version 0.29.1-1-gd02db6906a (webtiles) character file.

Game seed: 12920820089021851498

3249 Acheron the Protected (level 9, -12/78 HPs)
             Began as a Minotaur Fighter on Sept 18, 2022.
             Was a Follower of Nemelex Xobeh.
             Mangled by an orc knight
             ... wielding a +0 trident
              (14 damage)
             ... in a bailey.
             The game lasted 00:20:17 (6213 turns).

Acheron the Protected (Minotaur Fighter)            Turns: 6213, Time: 00:20:18

Health: -12/78     AC:  4    Str: 29    XL:     9   Next: 67%
Magic:  8/8        EV: 12    Int:  6    God:    Nemelex Xobeh [*.....]
Gold:   220        SH:  5    Dex:  9    Spells: 8/8 levels left

rFire   . . .      SeeInvis .   m - +10 whip of the Original Sin {drain, Will+ Str+4 Int-2}
rCold   + . .      Faith    .   c - +0 buckler
rNeg    + . .      Spirit   .   t - +0 steam dragon scales
rPois   .          Reflect  .   (helmet restricted)
rElec   .          Harm     .   (no cloak)
rCorr   +          Rampage  .   (no gloves)
Will    +....                   (no boots)
Stlth   ++........              (no amulet)
HPRegen 0.23/turn               i - ring of resist corrosion
MPRegen 0.11/turn               h - ring of positive energy

@: no status effects
A: horns 2, retaliatory headbutt, cold resistance 1, deformed body, strong 1
a: Renounce Religion, Draw Escape, Draw Destruction, Draw Summoning


You were in a bailey.
You worshipped Nemelex Xobeh.
Nemelex Xobeh was aware of your devotion.
You visited 2 branches of the dungeon, and saw 8 of its levels.
You also visited: Ossuary and Bailey.

You collected 230 gold pieces.
You spent 10 gold pieces at shops.

Inventory:

Hand Weapons
 a - a +0 war axe
 j - a +0 short sword of draining
 m - the +10 whip of the Original Sin (weapon) {drain, Will+ Str+4 Int-2}
   (You took it off a hobgoblin on level 3 of the Dungeon)

   A truly terrible weapon, it drains the life of any living foe it strikes.
   Str:       It affects your strength (+4).
   Int:       It affects your intelligence (-2).
   Will:      It increases your willpower.
 o - the +7 dagger of Ujoe {venom, rElec rF++ Int-4 Stlth+}
   (You found it on level 5 of the Dungeon)

   It poisons the flesh of those it strikes.
   Int:       It affects your intelligence (-4).
   rF:        It greatly protects you from fire.
   rElec:     It insulates you from electricity.
   Stlth:     It makes you more stealthy.
Missiles
 f - a throwing net
 r - 3 poisoned darts (quivered)
 w - 4 curare-tipped darts
 y - 2 boomerangs of dispersal
 A - 6 javelins
Armour
 b - a +0 scale mail
 c - a +0 buckler (worn)
 t - +0 steam dragon scales (worn)
Magical Staves
 z - a staff of fire
Jewellery
 h - a ring of positive energy (right hand)
 i - a ring of resist corrosion (left hand)
 n - a ring of wizardry
Wands
 u - a wand of acid (12)
Scrolls
 g - 2 scrolls of blinking
 p - 2 scrolls of fog
 q - 3 scrolls of teleportation
 v - a scroll of magic mapping {unknown}
 B - a scroll of identify
Potions
 d - a potion of might
 e - 3 potions of mutation
 k - 5 potions of flight
 l - 2 potions of lignification
 s - 2 potions of heal wounds
 x - 2 potions of brilliance


   Skills:
 * Level 6.7 Fighting
 + Level 4.4(6.3) Axes
 * Level 7.0(7.6) Maces & Flails
 * Level 3.2 Throwing
 * Level 8.4 Armour
 * Level 4.2 Dodging
 * Level 3.8 Stealth
 * Level 6.2 Shields
 * Level 2.9 Evocations


You had 8 spell levels left.
You didn't know any spells.
Your spell library contained the following spells:

 Spells                   Type           Power      Damage    Failure   Level
 Ozocubu's Armour         Ice            0%         N/A       88%         3
 Summon Lightning Spire   Summ/Air       0%         N/A       99%         4
 Metabolic Englaciation   Hex/Ice        0%         N/A       100%        5
 Simulacrum               Ice/Necr       0%         N/A       100%        6
 Storm Form               Tmut/Air       0%         N/A       100%        7
 Maxwell's Capacitive Co  Air            0%         ∞         100%        8


Dungeon Overview and Level Annotations

Branches:
Dungeon (7/15)             Temple (1/1) D:4         Ossuary (visited)
 Bailey (1/1)

Altars:
Ashenzari
Cheibriados
Dithmenos
Fedhas
Gozag
Hepliaklqana
Kikubaaqudgha
Nemelex Xobeh
Sif Muna
Trog
Wu Jian
Xom
Zin
The Shining One

Shops:
D:1 !   D:6 :(

Annotations:
D:3 1 runed translucent door, hitsuchi's ghost, amateur MeEE
D:6 1 runed translucent door, ababab's ghost, novice FeEn Bailey 2 runed translucent doors


Innate Abilities, Weirdness & Mutations

You have a pair of horns on your head.
You reflexively headbutt those who attack you in melee.
Your flesh is cold resistant. (rC+)
Armour fits poorly on your strangely shaped body.
Your muscles are strong. (Str +4, Int/Dex -1)


Message History

The orc knight is moderately wounded.
The orc knight hits you with a +0 trident!
You whack the orc knight!
The orc knight is heavily wounded.
You closely miss the orc knight. You headbutt the orc knight.
The orc knight is heavily wounded.
The orc knight hits you with a +0 trident.
You closely miss the orc knight.
The orc knight is heavily wounded.
You block the orc knight's attack.
You closely miss the orc knight.
The orc knight is heavily wounded.
You hit the orc knight.
You headbutt the orc knight, but do no damage.
The orc knight is heavily wounded.
The orc knight hits you with a +0 trident!!
You hit the orc knight.
The orc knight is heavily wounded.
The orc knight hits you with a +0 trident!
* * * LOW HITPOINT WARNING * * *
You hit the orc knight.
You headbutt the orc knight, but do no damage.
The orc knight is heavily wounded.
The orc knight misses you. You furiously retaliate!
You headbutt the orc knight! You hit the orc knight. You drain the orc knight.
The orc knight is severely wounded.
You hit the orc knight.
The orc knight is almost dead.
You block the orc knight's attack.
You barely miss the orc knight.
The orc knight is almost dead.
The orc knight hits you with a +0 trident!!
* * * LOW HITPOINT WARNING * * *
You hit the orc knight. You drain the orc knight.
Your headbutt misses the orc knight.
The orc knight is almost dead.
The orc knight hits you with a +0 trident!
You die...
Your body disappears without a glow.

#♣..≈≈≈≈≈..♣
#...≈≈≈≈..####
####..≈≈≈≈≈..#$.#
###.....≈≈≈≈...#...
♣♣♣...♣♣..≈≈≈≈...##..
♣♣......♣..≈≈≈≈....#o.
♣.........######...#.8
♣..∩...............#.)
♣....@o)...........'.)
♣........).........'o.
♣..∩......)..o.....#).
♣.........######...#o8
♣♣.........≈≈≈≈....#..
♣♣♣....♣..≈≈≈≈.♣.##..
###.....≈≈≈≈...#..)
##.♣..≈≈≈≈♣..#..#
#...≈≈≈≈≈♣..####


You could see an orc knight (drained).

Vanquished Creatures
  Pikel (D:5)
  Grinder (D:3)
  Prince Ribbit (D:5)
  A wyvern (D:6)
  Eustachio (D:4)
  A steam dragon (D:6)
  3 vampire mosquitoes (D:6)
  3 orc warriors (Bailey)
  An ogre (D:5)
  A centaur (D:6)
  A lemure (D:5)
  A kobold brigand (D:7)
  A bullfrog (D:6)
  A gnoll sergeant (D:6)
  2 necrophages (D:6)
  A scorpion (D:5)
  4 centaur zombies (Ossuary)
  3 hounds
  2 jellies (D:6)
  3 human zombies (Ossuary)
  Ijyb (D:4)
  An iguana (D:6)
  2 orc wizards (D:5)
  3 hound zombies (Ossuary)
  3 mummies (Ossuary)
  6 gnolls
  5 adders
  A shadow imp (D:7)
  3 adder zombies (Ossuary)
  A worm (D:4)
  2 dart slugs
  16 orcs
  3 ball pythons
  6 endoplasms
  4 giant cockroaches
  8 hobgoblins
  6 jackals
  2 quokkas (D:1)
  3 bats
  4 frilled lizards
  A gnoll zombie (Ossuary)
  9 goblins
  3 goblin zombies (Ossuary)
  6 hobgoblin zombies (Ossuary)
  4 jackal zombies (Ossuary)
  11 kobolds
  4 kobold zombies (Ossuary)
  An orc zombie (Ossuary)
  5 quokka zombies (Ossuary)
  9 rats
  A rat zombie (Ossuary)
167 creatures vanquished.

Vanquished Creatures (others)
  3 fungi (D:1)
  2 plants (D:1)
5 creatures vanquished.

Grand Total: 172 creatures vanquished

Notes
Turn   | Place    | Note
-------+----------+-------------------------------------------
     0 | D:1      | Acheron the Minotaur Fighter began the quest for the Orb.
     0 | D:1      | Reached XP level 1. HP: 19/19 MP: 0/0
   341 | D:1      | Reached XP level 2. HP: 24/27 MP: 1/1
   566 | D:1      | Reached skill level 4 in Armour
   728 | D:1      | Reached XP level 3. HP: 29/33 MP: 2/2
   812 | D:1      | Found Ceosk's Distillery.
   821 | D:1      | Bought a potion of degeneration for 10 gold pieces
   829 | D:1      | Found a faded altar of an unknown god.
  1184 | D:3      | Noticed Grinder
  1193 | D:3      | Paralysed by Grinder for 2 turns
  1200 | D:3      | Killed Grinder
  1201 | D:3      | Reached skill level 1 in Dodging
  1201 | D:3      | Reached skill level 1 in Stealth
  1201 | D:3      | Reached XP level 4. HP: 9/41 MP: 3/3
  1201 | D:3      | Reached XP level 5. HP: 10/47 MP: 4/4
  1863 | D:3      | Reached XP level 6. HP: 55/55 MP: 5/5
  1927 | D:3      | Identified the +10 whip of the Original Sin {drain, Will+
                  | Str+4 Int-2}
  2257 | D:3      | Found a runed translucent door.
  2257 | D:3      | Noticed hitsuchi's ghost (amateur MeEE)
  2405 | D:4      | Found a staircase to the Ecumenical Temple.
  2433 | D:4      | Noticed Ijyb
  2443 | D:4      | Killed Ijyb
  2463 | Temple   | Entered the Ecumenical Temple
  2502 | Temple   | Became a worshipper of Nemelex Xobeh the Trickster
  2804 | D:4      | Reached skill level 5 in Armour
  2815 | D:4      | Found a sand-covered staircase.
  2822 | Ossuary  | Entered an ossuary
  2899 | Ossuary  | Reached skill level 1 in Maces & Flails
  2913 | Ossuary  | Reached skill level 5 in Fighting
  2986 | Ossuary  | Reached XP level 7. HP: 43/61 MP: 6/6
  3208 | Ossuary  | Reached skill level 1 in Throwing
  3554 | D:5      | Entered Level 5 of the Dungeon
  3554 | D:5      | Noticed Pikel
  3592 | D:4      | Noticed Eustachio
  3604 | D:4      | Killed Eustachio
  3605 | D:4      | Reached skill level 5 in Shields
  3605 | D:4      | Reached skill level 1 in Evocations
  3675 | D:5      | Gained mutation: Armour fits poorly on your strangely
                  | shaped body. [potion of mutation]
  3675 | D:5      | Gained mutation: Your muscles are strong. (Str +4, Int/Dex
                  | -1) [potion of mutation]
  3675 | D:5      | Gained mutation: Your flesh is cold resistant. (rC+)
                  | [potion of mutation]
  3684 | D:5      | Killed Pikel
  3685 | D:5      | Reached skill level 6 in Armour
  3685 | D:5      | Reached XP level 8. HP: 11/69 MP: 7/7
  4064 | D:5      | Reached * piety under Nemelex Xobeh
  4068 | D:5      | Reached skill level 5 in Maces & Flails
  4090 | D:5      | Identified the +7 dagger of Ujoe {venom, rElec rF++ Int-4
                  | Stlth+}
  4213 | D:5      | Received a gift from Nemelex Xobeh
  4289 | D:5      | Noticed Prince Ribbit
  4296 | D:5      | Killed Prince Ribbit
  4297 | D:5      | Reached skill level 7 in Armour
  4857 | D:6      | Found a runed translucent door.
  4859 | D:6      | Noticed ababab's ghost (novice FeEn)
  4884 | D:6      | Found a shimmering altar of Xom.
  4885 | D:6      | Found Viygapn's Book Shop.
  4910 | D:6      | Reached XP level 9. HP: 68/75 MP: 8/8
  4960 | D:6      | Found Kesihigg's Weapon Emporium.
  5259 | D:6      | Reached skill level 8 in Armour
  5574 | D:6      | Found a shimmering blue altar of Sif Muna.
  5829 | D:7      | Found a flagged portal.
  5853 | Bailey   | Entered a bailey
  6061 | Bailey   | Found a large runed translucent door.
  6061 | Bailey   | Found a large runed translucent door.
  6062 | Bailey   | Noticed an orc knight
  6062 | Bailey   | Noticed a deep elf pyromancer
  6212 | Bailey   | HP: 2/78 [orc knight/+0 trident (19)]
  6213 | Bailey   | Mangled by an orc knight

Illustrated notes

Levels and vault maps discovered:
D:1:      saegor_arrival_under_anarchy, layout_basic, serial_shops,
          nicolae_diamond_shop, shapermc_ecumenical_altar_gd
D:2:      layout_basic, minmay_hexomino_u4
D:3:      layout_loops_ring, gammafunk_ghost_grave, uniq_grinder
D:4:      layout_basic, temple_pool_b, chequers_ossuary_entry_cave,
          uniq_sigmund, uniq_eustachio, uniq_ijyb
D:5:      layout_gridville, uniq_prince_ribbit1, uniq_pikel
D:6:      layout_loops_ring, mainiacjoe_overflow_alcove_4, lemuel_tele_altar,
          serial_shops, nicolae_stop_n_shop_1, shop, shop,
          ebering_ghost_sewer_d, grunt_ministairs_4
D:7:      layout_basic, serial_shops, nicolae_stop_n_shop_2, enter_bailey_3,
          uniq_menkaure, uniq_duvessa
Temple:   nicolae_temple_ecumenical_triangle
Bailey:   bailey_polearm_elven_captive_hellmonk, bailey

Skill      XL: |  1  2  3  4  5  6  7  8  9 |
---------------+----------------------------+-----
Shields        | 4 5 6 |  6.2
Armour         | 4 5 6 7 8 |  8.4
Fighting       | 4 5 6 |  6.7
Axes           | 4 |  4.4
Dodging        | 1 2 3 4 |  4.2
Stealth        | 1 2 3 |  3.8
Maces & Flails | 2 4 5 7 |  7.0
Throwing       | 1 2 3 |  3.2
Evocations     | 1 2 |  2.9

Action                   |  1- 3 |  4- 6 |  7- 9 || total
-------------------------+-------+-------+-------++-------
Melee: War axe           |    69 |    35 |       ||   104
       Headbutt          |    12 |    15 |    33 ||    60
       Whip              |       |    85 |   195 ||   280
Throw: Dart              |       |       |     2 ||     2
Invok: Draw Destruction  |       |       |     1 ||     1
  Use: Scroll            |     4 |     6 |     3 ||    13
       Potion            |       |     1 |     4 ||     5
Armor: Scale mail        |    24 |    52 |    25 ||   101
       Steam dragon scal |       |       |    17 ||    17
Dodge: Dodged            |    44 |    43 |   101 ||   188
Block: Buckler           |    16 |    26 |    53 ||    95
